 Dungeon Crawl Stone Soup version 0.17-a0-1769-g54adf96 (webtiles) character file.

99 TruthSerum the Cudgeler (level 4, -3/49 HPs)
             Began as an Ogre Gladiator on Sept 8, 2015.
             Slain by a hobgoblin
             ... wielding a +0 trident
              (4 damage)
             ... on level 3 of the Dungeon.
             The game lasted 00:07:34 (1697 turns).

TruthSerum the Cudgeler (Ogre Gladiator)            Turns: 1697, Time: 00:07:36

Health: -3/49      AC:  3    Str: 20    XL:     4   Next: 72%
Magic:  4/4        EV: 14    Int:  7    God:
Gold:   116        SH:  0    Dex: 11    Spells: 0 memorised, 3 levels left

rFire  . . .     SeeInvis .     a - +0 flail
rCold  . . .     Clarity  +     b - +0 robe
rNeg   . . .     SustAt   .     (no shield)
rPois  .         Gourm    .     c - +0 hat
rElec  .         Spirit   .     (no cloak)
rCorr  .         Warding  .     (gloves unavailable)
rMut   .         Stasis   .     (boots unavailable)
MR     .....                    f - amulet of clarity
Stlth  +.........               (no ring)
                                q - +4 ring of evasion

@: lethally poisoned (-3 -> -22), invisible, not resistant to hostile
enchantments, very unstealthy
A: unfitting armour, tough skin 1
a: no special abilities


You were on level 3 of the Dungeon.
You were not hungry.

You visited 1 branch of the dungeon, and saw 3 of its levels.

You collected 116 gold pieces.

Inventory:

Hand weapons
 a - a +0 flail (weapon)
Missiles
 d - 3 throwing nets (quivered)
Armour
 b - a +0 robe (worn)
 c - a +0 hat (worn)
 v - a +0 cloak
Jewellery
 f - an amulet of clarity (around neck)
 q - a +4 ring of evasion (left hand)
Scrolls
 g - 2 scrolls of identify {unknown}
 h - a scroll of magic mapping {unknown}
 k - a scroll of enchant weapon {unknown}
 m - a scroll of random uselessness {unknown}
 n - a scroll of recharging {unknown}
 r - a scroll of remove curse {unknown}
Potions
 l - a potion of agility {unknown}
 t - a potion of poison {unknown}
 u - a potion of heal wounds {unknown}
 x - a potion of magic {unknown}
Books
 p - a book of Necromancy

   Spells                             Type                      Level
   a - Pain                           Necromancy                   1
   b - Animate Skeleton               Necromancy                   1
   c - Vampiric Draining              Necromancy                   3
   d - Regeneration                   Charms/Necromancy            3
   e - Animate Dead                   Necromancy                   4
   f - Control Undead                 Necromancy                   4
Comestibles
 e - 2 bread rations
 j - 3 fruits
 o - a meat ration
 s - 4 chunks of flesh
 w - a slice of pizza


   Skills:
 + Level 4.9 Fighting
 + Level 5.5 Maces & Flails
 - Level 2.1 Throwing
 - Level 2.6 Dodging


You had 3 spell levels left.
You didn't know any spells.

Dungeon Overview and Level Annotations

Branches:
Dungeon (3/15)

Altars:
Elyvilon
Gozag
Kikubaaqudgha
Okawaru

Annotations:
D:3 Natasha


Innate Abilities, Weirdness & Mutations

You are too large for most types of armour.
You have tough skin (AC +1).


Message History

* * * LOW HITPOINT WARNING * * *
You are more poisoned.
The adder poisons you!
Natasha casts a spell.
The hobgoblin misses you.
You are too injured to fight recklessly!
You closely miss the adder.
* * * LOW HITPOINT WARNING * * *
You feel sick. The adder bites you.
* * * LOW HITPOINT WARNING * * *
You are more poisoned.
The adder poisons you!
The crimson imp blinks!
The hobgoblin closely misses you.
It was a potion of invisibility.
You fade into invisibility!
* * * LOW HITPOINT WARNING * * *
You feel sick. The adder misses you.
The kobold shoots a poisoned needle.
The poisoned needle hits Natasha!
Natasha is poisoned.
The adder misses you.
The hobgoblin hits you from afar with a trident.
You die...

#.........# #.####.#####
#..)......####.......<.....
..............<#.####..###>
...5.......# #.# #..#
.......(...# #.# #..##
........g?.# #.# ##..#
...........# #.# #..#
........g♣♣♣♣♣♣#.# ##.##
......§KhS@§.....# #..#
.########♣♣♣♣♣♣..# #..#♣
#.#.# ##..♣ #.#.## #...
#.#..## #... #.#♣..♣#####..
#.♣...P♣♣....>
#.♣....♣♣♣.... #♣♣♣...♣♣...


You could see Natasha, a crimson imp, an adder, a hobgoblin and a kobold.

Vanquished Creatures
  3 gnolls (D:2)
  3 worms
  A giant gecko (D:3)
  An orc (D:3)
  4 giant cockroaches
  3 goblins (D:1)
  9 hobgoblins
  7 jackals
  3 ball pythons
  6 bats
  8 giant newts
  5 kobolds
  6 rats
59 creatures vanquished.

Notes
Turn   | Place    | Note
--------------------------------------------------------------
     0 | D:1      | TruthSerum the Ogre Gladiator began the quest for the Orb.
     0 | D:1      | Reached XP level 1. HP: 22/22 MP: 1/1
    46 | D:1      | Reached XP level 2. HP: 13/31 MP: 2/2
   443 | D:1      | Reached XP level 3. HP: 19/39 MP: 3/3
   776 | D:2      | Found an iron altar of Okawaru.
   786 | D:2      | Found an opulent altar of Gozag.
   786 | D:2      | Found a white marble altar of Elyvilon.
   786 | D:2      | Found an ancient bone altar of Kikubaaqudgha.
   826 | D:2      | Found an iron altar of Okawaru.
   880 | D:2      | Reached skill level 5 in Maces & Flails
   892 | D:2      | Found a faded altar to an unknown god.
   930 | D:2      | Reached XP level 4. HP: 45/49 MP: 4/4
  1679 | D:3      | Noticed Natasha
  1697 | D:3      | HP: 1/49 [poisoned by an adder]
  1697 | D:3      | Slain by a hobgoblin

Vault maps used:
D:1:      eino_arrival_tree_alley, minmay_misc_feat_chi
D:2:      grunt_temple_overflow_open, ecumenical_altar_2, serial_curves,
          eino_curves_03, eino_curves_02, hangedman_decor_slide_cut,
          okawaru_ov_weapons_minmay
D:3:      gup_sewer_entry_bubbles, serial_forest, infiniplex_forest_diagonal,
          infiniplex_forest_lined_corner, infiniplex_forest_diagonal,
          infiniplex_forest_join, infiniplex_forest_clump_cross,
          infiniplex_forest_corner_1, infiniplex_forest_lined_3_way,
          infiniplex_forest_straight_2, first_bread, uniq_natasha

Action                   |  1- 3 |  4- 6 || total
-------------------------+-------+-------++-------
Melee: Flail             |    91 |    89 ||   180
  Use: Potion            |       |     1 ||     1
 Stab: Sleeping          |     3 |       ||     3
  Eat: Chunk             |       |     3 ||     3
